 Dungeon Crawl Stone Soup version 0.25.0-26-g0c896c7088 (webtiles) character file.

Game seed: 5736940883773191275

38 MisterFreud the Ruffian (level 3, -3/26 HPs)
             Began as a Ghoul Earth Elementalist on July 2, 2020.
             Slain by a scorpion (5 damage)
             ... on level 2 of the Dungeon.
             The game lasted 00:01:47 (1861 turns).

MisterFreud the Ruffian (Ghoul Earth Elementalist)  Turns: 1861, Time: 00:01:48

Health: -3/26      AC:  2    Str: 11    XL:     3   Next: 43%
Magic:  3/4        EV: 12    Int: 11    God:
Gold:   26         SH:  0    Dex:  9    Spells: 4/5 levels left

rFire    . . .     SeeInvis +     - Unarmed
rCold    + . .     Gourm    .   (no shield)
rNeg     + + +     Faith    .   c - +0 robe
rPois    ∞         Spirit   .   (no helmet)
rElec    .         Reflect  .   (no cloak)
rCorr    .         Harm     .   (no gloves)
MR       .....                  (no boots)
Stlth    ++........             (no amulet)
HPRegen  0.00/turn              i - ring of see invisible
MPRegen  0.09/turn              (no ring)

@: rotting
A: rotting body, claws 1, carnivore, cold resistance 1, negative energy
resistance 3, inhibited regeneration, torment resistance, unbreathing
a: no special abilities


You were on level 2 of the Dungeon.
You were not hungry.

You visited 1 branch of the dungeon, and saw 2 of its levels.

You collected 26 gold pieces.

Inventory:

Missiles
 b - 38 stones (quivered)
 e - 14 poisoned darts
Armour
 c - a +0 robe (worn)
Jewellery
 i - a ring of see invisible (left claw)
Scrolls
 a - a scroll of identify {unknown}
 g - a scroll of blinking {unknown}
Potions
 h - a potion of stabbing {unknown}
 j - a potion of cancellation {unknown}
Comestibles
 d - 2 rations
 f - a chunk of flesh


   Skills:
 - Level 1.7 Dodging
 - Level 2.1 Stealth
 + Level 3.3 Unarmed Combat
 - Level 1.7 Spellcasting
   Level 0.8 Transmutations
 - Level 3.2 Earth Magic


You had 4 spell levels left.
You knew the following spells:

 Your Spells              Type           Power        Failure   Level  Hunger
a - Sandblast             Erth           #.....       8%          1    ##.....

Your spell library contained the following spells:

 Spells                   Type           Power        Failure   Level  Hunger
 Passwall                 Tmut/Erth      #.......     19%         2    ###....
 Stone Arrow              Conj/Erth      #.....       41%         3    ####...
 Petrify                  Tmut/Erth      #.......     77%         4    #####..
 Lee's Rapid Deconstruct  Erth           #.........   91%         5    ######.


Dungeon Overview and Level Annotations

Branches:
Dungeon (2/15)

Altars:
Ashenzari


Innate Abilities, Weirdness & Mutations

Your body is rotting away.
You thrive on raw meat.
You are immune to poison.
You have sharp fingernails.
You are carnivorous and can eat meat at any time.
Your flesh is cold resistant. (rC+)
You are immune to negative energy. (rN+++)
You do not regenerate when monsters are visible.
You are immune to unholy pain and torment.
You can survive without breathing.


Message History

You scratch the scorpion.
The scorpion is almost dead.
The scorpion stings you.
You closely miss the scorpion.
The scorpion is almost dead.
The scorpion completely misses you.
You barely miss the scorpion.
The scorpion is almost dead.
The scorpion stings you!
* * * LOW HITPOINT WARNING * * *
Casting: Sandblast (safe; 8% risk of failure)
Confirm with . or Enter, or press ? or * to list all spells.
Aiming: Sandblast (safe; 8% risk of failure)
Press: ? - help, Shift-Dir - straight line, f - scorpion
Aim: a scorpion (almost dead)
The blast of sand hits the scorpion but does no damage.
The scorpion is almost dead.
b - 38 stones The scorpion stings you.
You die...

...... ......########
.............
########...........
......#........... #
..#...#...........
.##.#####.....#...........
..........###.#......÷....
#...@s$..#...........
#.######.#...........
#......#.#..........÷
##>.###.#.#...........
.....#...#.............
#####.#.#####......#####
#.........#.#..#
###.#####.#.#..#
#.....#.#....#


You could see a scorpion.

Vanquished Creatures
  An adder (D:2)
  A leopard gecko (D:1)
  2 giant cockroaches (D:1)
  6 hobgoblins
  A ball python (D:1)
  3 bats
  4 frilled lizards (D:1)
  2 goblins (D:1)
  2 kobolds (D:1)
  9 rats
31 creatures vanquished.

Notes
Turn   | Place    | Note
-------+----------+-------------------------------------------
     0 | D:1      | MisterFreud the Ghoul Earth Elementalist began the quest
                  | for the Orb.
     0 | D:1      | Reached XP level 1. HP: 14/14 MP: 2/2
   270 | D:1      | Reached skill level 1 in Unarmed Combat
   422 | D:1      | Reached XP level 2. HP: 20/20 MP: 3/3
  1133 | D:1      | Found a shattered altar of Ashenzari.
  1245 | D:1      | Reached XP level 3. HP: 26/26 MP: 4/4
  1604 | D:2      | Noticed a scorpion
  1861 | D:2      | Slain by a scorpion

Illustrated notes

Levels and vault maps discovered:
D:1:      onia_arrival_handbag, layout_basic, minivault_25,
          nicolae_ashenzari_panopticon
D:2:      layout_basic, dancing_weapons_uskayaw, okawaru_metal_pillars_1_2,
          serial_bayou_pond_a

Skill      XL: |  1  2  3 |
---------------+----------+-----
Unarmed Combat | 1 2 3 |  3.3
Dodging        | |  1.7
Stealth        | |  2.1
Spellcasting   | |  1.7
Transmutations | |  0.8
Earth Magic    | |  3.2

Action                   || total
-------------------------++-------
Melee: Unarmed           ||   102
 Cast: Sandblast         ||     7
 Stab: Sleeping          ||     6
  Eat: Chunk             ||     5
Armor: Robe              ||    20
Dodge: Dodged            ||    68
